 Dungeon Crawl Stone Soup version 0.19-a0-1888-g6ba2374 (webtiles) character file.

136 Kirkhe the Digger (level 5, -3/31 HPs)
             Began as an Octopode Earth Elementalist on Oct 17, 2016.
             Killed from afar by an orc wizard (7 damage)
             ... with a magic dart
             ... on level 2 of the Dungeon.
             The game lasted 00:03:47 (1790 turns).

Kirkhe the Digger (Octopode Earth Elementalist)     Turns: 1790, Time: 00:03:47

Health: -3/31      AC:  1    Str:  8    XL:     5   Next: 19%
Magic:  3/10       EV: 13    Int: 18    God:
Gold:   122        SH:  0    Dex: 12    Spells: 1 memorised, 10 levels left

rFire  . . .     SeeInvis .     b - 16 stones
rCold  . . .     Gourm    .     (no shield)
rNeg   . . .     Faith    .     (helmet restricted)
rPois  .         Spirit   .     (no amulet)
rElec  .         Dismiss  .     (no ring)
rCorr  .         Reflect  .     (no ring)
MR     .....     Harm     .     (no ring)
Stlth  +++.......               (no ring)
                                (no ring)
                                (no ring)
                                (no ring)
                                (no ring)

@: slowed, very slow
A: almost no armour, stealthy swim, amphibious, 8 rings, constrict 8, camouflage
1, gelatinous body 1
a: no special abilities


You were on level 2 of the Dungeon.
You were not hungry.

You visited 1 branch of the dungeon, and saw 3 of its levels.

You collected 122 gold pieces.

Inventory:

Hand Weapons
 f - a +0 dagger
Missiles
 b - 16 stones (in tentacle)
Wands
 j - a wand of polymorph (13/24)
Scrolls
 a - 3 scrolls of remove curse {unknown}
 e - 4 scrolls of identify {unknown}
 i - 2 scrolls of amnesia {unknown}
 k - a scroll of enchant armour {unknown}
Potions
 h - a potion of flight {unknown}
 l - a potion of brilliance {unknown}
Books
 d - a book of Geomancy

   Spells                             Type                      Level
   a - Sandblast                      Earth                        1
   b - Passwall                       Transmutation/Earth          2
   c - Stone Arrow                    Conjuration/Earth            3
   d - Petrify                        Transmutation/Earth          4
   e - Lee's Rapid Deconstruction     Earth                        5
Comestibles
 c - 2 bread rations


   Skills:
 - Level 2.0 Dodging
 - Level 2.6 Stealth
 + Level 3.6 Spellcasting
   Level 1.0 Transmutations
 + Level 4.6 Earth Magic


You had 10 spell levels left.
You knew the following spells:

 Your Spells              Type           Power        Failure   Level  Hunger
a - Sandblast             Erth           ###...       1%          1    None


Dungeon Overview and Level Annotations

Branches:
Dungeon (3/15)

Altars:


Innate Abilities, Weirdness & Mutations

You cannot wear most types of armour.
You are very stealthy in the water. (Stealth+)
You are amphibious.
You can wear up to eight rings at the same time.
You can use your tentacles to constrict eight enemies at once.
Your skin changes colour to match your surroundings (Stealth+).
Your rubbery body absorbs attacks. (AC +1, EV +1)


Message History

The orc wizard misses you. The orc hits you but does no damage.
The orc wizard completely misses you. The orc hits you with a morningstar.
The orc hits you with a club. The orc wizard completely misses you.
The orc hits you with a morningstar!
* * * LOW HITPOINT WARNING * * *
The orc hits you but does no damage. A mysterious force pulls you upwards.
The hatch slams shut behind you.
Unknown command.
Okay, then.
It was a potion of curing.
You feel better.
The orc wizard gestures wildly while chanting.
The orc wizard blinks!
The orc hits you with a club.
* * * LOW HITPOINT WARNING * * *
The orc hits you with a morningstar.
* * * LOW HITPOINT WARNING * * *
Okay, then.
Okay, then.
The orc wizard gestures at you while chanting.
The magic dart hits you!
You die...

#####.# #.# #.#
#.# #.# #.# #o#
#.# ###########
#@#
#...##.)P.######.#
#.#....≈.♣.....oo#
#.####.≈≈≈########
#.# #.≈P≈# #.#
#..♣.# #.# ######
..# ###


You could see an orc wizard and 2 orcs.

Vanquished Creatures
  An orc priest (D:3)
  An adder (D:2)
  3 gnolls (D:2)
  3 oozes
  2 dart slugs (D:1)
  2 leopard geckos (D:1)
  An orc (D:3)
  6 bats
  2 giant cockroaches (D:2)
  6 goblins
  9 hobgoblins
  3 jackals (D:1)
  5 kobolds
  3 rats (D:1)
47 creatures vanquished.

Notes
Turn   | Place    | Note
-------+----------+-------------------------------------------
     0 | D:1      | Kirkhe the Octopode Earth Elementalist began the quest for the Orb.
     0 | D:1      | Reached XP level 1. HP: 11/11 MP: 3/3
   177 | D:1      | Reached XP level 2. HP: 17/17 MP: 1/5
   459 | D:1      | Reached XP level 3. HP: 4/21 MP: 0/6
  1088 | D:1      | Reached skill level 4 in Earth Magic
  1197 | D:2      | Reached XP level 4. HP: 27/27 MP: 6/8
  1374 | D:2      | Found a faded altar of an unknown god.
  1781 | D:3      | Reached XP level 5. HP: 21/31 MP: 4/10
  1790 | D:2      | Killed from afar by an orc wizard

Vault maps used:
D:1:      evilmike_arrival_rings
D:2:      ecumenical_altar_1, minmay_splitting_lines, serial_bayou_pond_e
D:3:      dk_noncrumbling_4, cheibrodos_gnoll_hut

Skill      XL: |  1  2  3  4 |
---------------+-------------+-----
Earth Magic    | 4 |  4.6
Spellcasting   | 3 |  3.6
Dodging        | |  2.0
Stealth        | |  2.6
Transmutations | |  1.0

Action                   |  1- 3 |  4- 6 || total
-------------------------+-------+-------++-------
Melee: Dagger            |    20 |       ||    20
       Constrict         |     1 |       ||     1
 Cast: Sandblast         |    50 |    25 ||    75
  Use: Potion            |     3 |     1 ||     4
  Eat: Chunk             |     1 |     2 ||     3
Armor: Skin              |    27 |       ||    27
Dodge: Dodged            |    22 |     7 ||    29
